 Dungeon Crawl Stone Soup version 0.28-a0-1520-gc3277d3759 (webtiles) character file.

Game seed: 10203965001424845828

3027 kae the Insei (level 9, -2/79 HPs)
             Began as a Demonspawn Transmuter on Jan 17, 2022.
             Killed from afar by Dowan (16 damage)
             ... with a shard of ice
             ... on level 7 of the Dungeon.
             The game lasted 00:08:40 (9143 turns).

kae the Insei (Demonspawn Transmuter)               Turns: 9143, Time: 00:08:41

Health: -2/79      AC:  8    Str: 10    XL:     9   Next: 55%
Magic:  15/15      EV: 11    Int: 19    God:
Gold:   124        SH:  0    Dex: 14    Spells: 9/17 levels left

rFire   x . .      SeeInvis +     - Unarmed
rCold   + + +      Faith    .   (shield currently unavailable)
rNeg    . . .      Spirit   .   (armour currently unavailable)
rPois   +          Reflect  .   (helmet currently unavailable)
rElec   .          Harm     .   (cloak currently unavailable)
rCorr   .          Rampage  .   (gloves currently unavailable)
Will    +....                   (boots unavailable)
Stlth   +.........              f - amulet of magic regeneration
HPRegen 0.23/turn               m - ring of see invisible
MPRegen 0.54/turn               u - ring of willpower

@: about to teleport, ice-form
A: freezing attack, amphibious, boosted hp, large, (hooves 3), (icy blue scales
1)
a: End Transformation


You were on level 7 of the Dungeon.
You were a creature of crystalline ice.
You visited 1 branch of the dungeon, and saw 7 of its levels.

You collected 288 gold pieces.
You spent 164 gold pieces at shops.

Inventory:

Missiles
 x - 3 throwing nets
Armour
 a - a +0 robe (melded)
 i - a +1 pair of gloves (melded)
 s - a +1 cloak (melded)
Jewellery
 f - an amulet of magic regeneration (around neck)
 m - a ring of see invisible (left front paw)
 r - an amulet of the acrobat
 u - a ring of willpower (right front paw)
Wands
 b - a wand of charming (3)
 o - a wand of flame (3)
 y - a wand of mindburst (13)
Scrolls
 j - a scroll of enchant weapon
 q - a scroll of enchant armour
 v - a scroll of summoning
 w - a scroll of identify
Potions
 c - 3 potions of berserk rage
 d - 2 potions of attraction
 e - 3 potions of brilliance
 g - a potion of resistance
 h - a potion of ambrosia
 k - a potion of flight
 l - a potion of invisibility
 n - a potion of mutation {unknown}
 t - a potion of heal wounds


   Skills:
 + Level 4.4 Fighting
 + Level 4.2 Dodging
 * Level 6.4 Unarmed Combat
 + Level 4.5 Spellcasting
 * Level 6.1 Transmutations
 * Level 4.9 Ice Magic
 - Level 2.0 Poison Magic


You had 9 spell levels left.
You knew the following spells:

 Your Spells              Type           Power      Damage    Failure   Level
a - Beastly Appendage     Tmut           54%        N/A       1%          1
b - Spider Form           Tmut/Pois      19%        N/A       8%          3
c - Ice Form              Ice/Tmut       25%        N/A       13%         4

Your spell library contained the following spells:

 Spells                   Type           Power      Damage    Failure   Level
 Wereblood                Tmut           27%        N/A       1%          2
 Frozen Ramparts          Ice            44%        1d6       5%          3
 Summon Small Mammal      Summ           16%        N/A       13%         1
 Ignite Poison            Fire/Tmut/Pois 14%        N/A       13%         3
 Call Canine Familiar     Summ           4%         N/A       36%         3
 Conjure Flame            Conj/Fire      4%         6-21      36%         3
 Summon Guardian Golem    Hex/Summ       4%         N/A       36%         3
 Summon Ice Beast         Ice/Summ       13%        N/A       43%         4
 Sticky Flame             Conj/Fire      4%         2d3       78%         4


Dungeon Overview and Level Annotations

Branches:
Dungeon (7/15)
 Temple: D:4-7

Altars:
Xom

Shops:
D:1 *   D:5 *

Annotations:
D:7 Dowan, Prince Ribbit


Innate Abilities, Weirdness & Mutations

You are a creature of crystalline ice.
You have a powerful freezing melee attack.
You are amphibious.
Your maximum health is increased.
Your armour is entirely melded.
You are incapable of wielding weapons or throwing items.
((You have hooves in place of feet.))
((You are partially covered in icy blue scales. (AC +2)))


Message History

Duvessa drinks a potion.
Duvessa goes berserk!
You punch Duvessa! You freeze Duvessa.
Duvessa is almost dead.
Duvessa hits you but does no damage.
Dowan casts a spell.
Dowan blinks!
You hit Duvessa. You freeze Duvessa.
Duvessa is almost dead.
Duvessa barely misses you. Duvessa hits you with a +0 short sword!
You hit Duvessa but do no damage.
Duvessa is almost dead.
Duvessa hits you with a +0 short sword.
An iguana comes into view.
The iguana hisses angrily.
You hit Duvessa. You freeze Duvessa.
Duvessa is almost dead.
Duvessa hits you with a +0 short sword.
You hit Duvessa but do no damage.
Duvessa is almost dead.
Duvessa hits you with a +0 short sword!
* * * LOW HITPOINT WARNING * * *
Dowan casts a spell.
Dowan blinks!
Duvessa hits you with a +0 short sword.
* * * LOW HITPOINT WARNING * * *
You barely miss Duvessa.
Duvessa is almost dead.
Duvessa hits you with a +0 short sword!
* * * LOW HITPOINT WARNING * * *
You punch Duvessa! You freeze Duvessa.
You kill Duvessa!
Dowan seems overcome with grief.
Dowan seems to find hidden reserves of power!
Prince Ribbit blinks!
As you read the scroll of teleportation, it crumbles to dust.
You feel strangely unstable.
Dowan casts a spell.
Dowan blinks!
Dowan casts a spell at you. The shard of ice hits you! You partially resist.
You die...

..### ########
.....
#......###########
[#...
#......Y..el......
##..
#.....#####.......
#.. #.....#
...##.# ##.
#....## e.... #.
#....# ....... #.
#...## ....F.. #.
#...# ....... #.
#...# ....... #.
#..## #.


You could see Dowan (fast) and an iguana.

Vanquished Creatures
  Harold (D:7)
  A water moccasin (D:5)
  Duvessa (D:7)
  A sky beast (D:5)
  3 ice beasts
  2 ogres
  2 centaurs
  3 bullfrogs (D:7)
  5 scorpions
  A water moccasin skeleton (D:5)
  4 centaur zombies
  2 jellies
  4 hounds
  3 orc priests
  A bullfrog skeleton (D:4)
  4 centaur skeletons
  Jessica (D:2)
  2 iguanas
  4 orc wizards
  A howler monkey zombie (D:5)
  4 gnolls (D:4)
  10 adders
  An ufetubus (D:5)
  An adder skeleton (D:4)
  3 worms (D:2)
  2 dart slugs
  12 orcs
  15 ball pythons
  8 endoplasms
  6 giant cockroaches
  11 goblins
  4 hobgoblins
  5 jackals
  3 quokkas
  5 bats
  3 frilled lizards (D:2)
  4 kobolds
  6 rats
149 creatures vanquished.

Notes
Turn   | Place    | Note
-------+----------+-------------------------------------------
     0 | D:1      | kae the Demonspawn Transmuter began the quest for the Orb.
     0 | D:1      | Reached XP level 1. HP: 15/15 MP: 3/3
   331 | D:1      | Gained mutation: You are partially covered in icy blue
                  | scales. (AC +2) [demonic ancestry]
   331 | D:1      | Reached XP level 2. HP: 21/21 MP: 3/5
   643 | D:1      | Found a faded altar of an unknown god.
   847 | D:1      | Found Urchirph's Assorted Antiques.
   856 | D:1      | Bought 2 bubbling puce potions for 43 gold pieces
   856 | D:1      | Bought a golden potion for 21 gold pieces
  1657 | D:2      | Reached XP level 3. HP: 26/26 MP: 6/6
  1661 | D:2      | Learned a level 3 spell: Spider Form
  1674 | D:2      | Noticed Jessica
  1682 | D:2      | Killed Jessica
  1916 | D:2      | Lost mutation: You have razor-sharp toenails. [demonic
                  | ancestry]
  1916 | D:2      | Lost mutation: You have sharp toenails. [demonic ancestry]
  1916 | D:2      | Gained mutation: You have large cloven feet. [demonic
                  | ancestry]
  1916 | D:2      | Reached XP level 4. HP: 32/32 MP: 7/7
  1920 | D:2      | Reached skill level 1 in Poison Magic
  2794 | D:3      | Lost mutation: You have razor-sharp toenails. [demonic
                  | ancestry]
  2794 | D:3      | Lost mutation: You have sharp toenails. [demonic ancestry]
  2794 | D:3      | Gained mutation: You have hoof-like feet. [demonic
                  | ancestry]
  2794 | D:3      | Reached XP level 5. HP: 23/38 MP: 8/8
  3755 | D:3      | Lost mutation: You have razor-sharp toenails. [demonic
                  | ancestry]
  3755 | D:3      | Lost mutation: You have sharp toenails. [demonic ancestry]
  3755 | D:3      | Gained mutation: You have hooves in place of feet. [demonic
                  | ancestry]
  3755 | D:3      | Reached XP level 6. HP: 44/44 MP: 10/10
  4047 | D:4      | Learned a level 4 spell: Ice Form
  4144 | D:4      | HP: 2/44 [ogre (25)]
  4150 | D:4      | Reached skill level 1 in Ice Magic
  4694 | D:4      | Reached XP level 7. HP: 49/51 MP: 11/11
  5337 | D:5      | Entered Level 5 of the Dungeon
  5737 | D:5      | Reached XP level 8. HP: 27/58 MP: 13/13
  6057 | D:5      | Reached skill level 5 in Unarmed Combat
  6222 | D:5      | Found Risuh's Assorted Antiques.
  6247 | D:5      | Bought a scroll labelled QIHALO PYAFF for 20 gold pieces
  6247 | D:5      | Bought a scroll of identify for 40 gold pieces
  6247 | D:5      | Bought a scroll of identify for 40 gold pieces
  7101 | D:6      | Reached skill level 5 in Transmutations
  7275 | D:6      | Found a shimmering altar of Xom.
  8638 | D:7      | Reached XP level 9. HP: 52/65 MP: 15/15
  8881 | D:7      | Noticed Harold
  8894 | D:7      | Killed Harold
  9126 | D:7      | Noticed Dowan
  9127 | D:7      | Noticed Duvessa
  9130 | D:7      | Noticed Prince Ribbit
  9140 | D:7      | Killed Duvessa
  9143 | D:7      | Killed from afar by Dowan

Illustrated notes

Levels and vault maps discovered:
D:1:      lightli_arrival_chessboard, layout_basic,
          hellmonk_ecumenical_altar_pennies_from_heaven, serial_shops,
          nicolae_lakefront_shop, minivault_5
D:2:      minmay_razor_zed, layout_rooms, uniq_jessica
D:3:      layout_basic, minmay_shallow_snake_nest
D:4:      layout_rooms, portal_sewer_entry_b, minmay_close_crescents
D:5:      layout_cave_pods, serial_shops, nicolae_shop_advertising_works
          [nicolae_subvault_shop_adworks]
D:6:      layout_loops_ring, kennysheep_mini_moat, corexii_corridor_pit
D:7:      layout_cave_pods, minmay_temple_entry_from_below_b,
          minmay_stone_trees_small, uniq_prince_ribbit1, uniq_harold,
          uniq_duvessa

Skill      XL: |  1  2  3  4  5  6  7  8  9 |
---------------+----------------------------+-----
Transmutations | 2 3 4 5 6 |  6.1
Unarmed Combat | 3 4 5 6 |  6.4
Dodging        | 2 3 4 |  4.2
Poison Magic   | 1 2 |  2.0
Fighting       | 2 3 4 |  4.4
Spellcasting   | 3 4 |  4.5
Ice Magic      | 1 2 4 |  4.9

Action                   |  1- 3 |  4- 6 |  7- 9 || total
-------------------------+-------+-------+-------++-------
Melee: Unarmed           |    61 |   174 |   228 ||   463
       Kick              |    16 |    27 |    11 ||    54
       Headbutt          |     9 |    14 |       ||    23
       Punch             |     1 |     2 |       ||     3
 Cast: Beastly Appendage |    21 |    22 |     1 ||    44
       Spider Form       |       |    13 |    21 ||    34
       Ice Form          |       |       |     9 ||     9
  Use: Scroll            |     2 |     9 |     9 ||    20
       Potion            |     1 |     3 |     1 ||     5
 Stab: Sleeping          |     2 |       |       ||     2
Armor: Robe              |    11 |    24 |    23 ||    58
       Skin              |     1 |     2 |    29 ||    32
Dodge: Dodged            |    30 |   125 |   186 ||   341

Table legend: (Time is in decaauts)
 A = Elapsed time spent in this place.
 B = Non-inter-level travel time spent in this place.
 C = Inter-level travel time spent in this place.
 D = Time resting spent in this place.
 E = Time spent auto-exploring this place.
 F = Levels seen in this place.
 G = Mean time per level.
                   A        B        C        D        E       F      G
               +--------+--------+--------+--------+--------+-----+--------+
         Total |   9091 |   8787 |    304 |    440 |   7152 |   7 | 1298.7 |
       Dungeon |   9091 |   8787 |    304 |    440 |   7152 |   7 | 1298.7 |
               +--------+--------+--------+--------+--------+-----+--------+

Top non-repeatable levels by time:
     D:1: 1563 daAuts
     D:6: 1538 daAuts
     D:5: 1342 daAuts
     D:4: 1307 daAuts
     D:3: 1300 daAuts
     D:2: 1130 daAuts
     D:7: 909 daAuts
